 Dungeon Crawl Stone Soup version 0.30.1-11-g7821555f0a (webtiles) character file.

Game seed: 1584589451319534178

182 Janerl the Stinger (level 5, -1/28 HPs)
             Began as a Tengu Venom Mage on Nov 14, 2023.
             Slain by Sigmund
             ... wielding a +2 scythe of freezing
              (5 damage)
             ... on level 4 of the Dungeon.
             The game lasted 00:16:07 (2981 turns).

Janerl the Stinger (Tengu Venom Mage)               Turns: 2981, Time: 00:16:07

Health: -1/28      AC:  2    Str: 10    XL:     5   Next: 62%
Magic:  2/10       EV: 15    Int: 16    God:
Gold:   3          SH:  0    Dex: 14    Spells: 7/10 levels left

rFire   . .          .
                       - Unarmed
rCold   . . .        (no shield)
rNeg    . . .        a - +0 robe
rPois   .            (helmet restricted)
rElec   .            (no cloak)
rCorr   .            (no gloves)
SInv    .            (boots unavailable)
Will    .....        (no amulet)
Stlth   ++           (no ring)
HPRegen 0.24/turn    (no ring)
MPRegen 0.12/turn

%: no passive effects
@: flying quickly and evasively, quick
A: beak, talons 3, nimble flight
a: no special abilities


You were on level 4 of the Dungeon.
You visited 1 branch of the dungeon, and saw 4 of its levels.

You collected 68 gold pieces.
You spent 65 gold pieces at shops.

Inventory:

Missiles
 j - 3 boomerangs of dispersal
Armour
 a - a +0 robe (worn)
Jewellery
 n - an amulet of magic regeneration
Scrolls
 c - 5 scrolls of identify {unknown}
 e - a scroll of amnesia {unknown}
 g - 3 scrolls of magic mapping {unknown}
 i - a scroll of noise {unknown}
 k - a scroll of vulnerability {unknown}
 l - a scroll of acquirement {unknown}
 o - a scroll of teleportation {unknown}
Potions
 b - a potion of magic
 d - 2 potions of haste
 f - a potion of degeneration {unknown}
 h - 2 potions of ambrosia
 m - a potion of flight {unknown}
 p - 2 potions of curing {unknown}
 q - 2 potions of heal wounds
 r - a potion of mutation {unknown}


   Skills:
 + Level 0.2 Fighting
 + Level 2.6 Dodging
 + Level 2.3 Stealth
 + Level 1.2 Unarmed Combat
 + Level 3.1 Spellcasting
 + Level 1.7 Transmutations
 + Level 1.8 Air Magic
 + Level 4.0 Poison Magic


You had 7 spell levels left.
You knew the following spells:

 Your Spells              Type           Power      Damage    Failure   Level
a - Sting                 Tmut/Pois      44%        1d5       5%          1
b - Poisonous Vapours     Pois/Air       22%        N/A       9%          2

Your spell library contained the following spells:

 Spells                   Type           Power      Damage    Failure   Level
 Slow                     Hex            8%         N/A       19%         1
 Mephitic Cloud           Conj/Pois/Air  8%         N/A       26%         3
 Olgreb's Toxic Radiance  Pois           15%        N/A       34%         4
 Confusing Touch          Hex            2%         N/A       50%         3
 Inner Flame              Hex/Fire       2%         N/A       50%         3
 Vampiric Draining        Necr           2%         2d6       50%         3
 Flame Wave               Conj/Fire      2%         2d4       88%         4
 Sticky Flame             Conj/Fire      2%         2d3       88%         4


Dungeon Overview and Level Annotations

Branches:
Dungeon (4/15)
 Temple: D:4-7

Altars:

Shops:
D:3 !

Annotations:
D:4 Sigmund


Innate Abilities, Weirdness & Mutations

You have a beak for a mouth.
You have claws for feet.
Your magical nature lets you fly swiftly and evasively.


Message History

Aim: Sigmund, wielding a +2 scythe of freezing and wearing a +2 robe of positive energy Poisonous vapours surround Sigmund!
Sigmund is poisoned.
Sigmund gestures at you while chanting. The magic dart hits you.
The kobold misses you.
You kill the kobold!
Casting: Poisonous Vapours (safe; 9% risk of failure)
Confirm with . or Enter, or press ? or * to list all spells.
Aiming: Poisonous Vapours (safe; 9% risk of failure)
Press: ? - help, Dir - move target, f/p - Sigmund
Aim: Sigmund, wielding a +2 scythe of freezing and wearing a +2 robe of positive energy (lightly wounded) Poisonous vapours surround Sigmund!
Sigmund is poisoned.
Casting: Poisonous Vapours (safe; 9% risk of failure)
Confirm with . or Enter, or press ? or * to list all spells.
You can't see any susceptible monsters within range! (Use Z to cast anyway.) Unknown command.
Casting: Poisonous Vapours (safe; 9% risk of failure)
Confirm with . or Enter, or press ? or * to list all spells.
Aiming: Poisonous Vapours (safe; 9% risk of failure)
Press: ? - help, Dir - move target, f/p - Sigmund
Aim: Sigmund, wielding a +2 scythe of freezing and wearing a +2 robe of positive energy (lightly wounded, poisoned) Poisonous vapours surround Sigmund!
Sigmund looks even sicker.
Casting: Poisonous Vapours (safe; 9% risk of failure)
Confirm with . or Enter, or press ? or * to list all spells.
Aiming: Sting (safe; 5% risk of failure)
Press: ? - help, Shift-Dir - straight line, f/p - Sigmund
Aim: Sigmund, wielding a +2 scythe of freezing and wearing a +2 robe of positive energy (moderately wounded, very poisoned, 68% to hit)
The sting hits Sigmund.
Sigmund looks even sicker.
Sigmund is heavily wounded.
Sigmund hits you from afar with a +2 scythe of freezing.
Sigmund freezes you.
You hit Sigmund. Your kick misses Sigmund.
Sigmund is severely wounded.
Sigmund closely misses you.
You hit Sigmund but do no damage. You claw Sigmund, but do no damage.
Sigmund is severely wounded.
Sigmund hits you with a +2 scythe of freezing!
* * * LOW HITPOINT WARNING * * *
Sigmund freezes you.
You die...

#...##.......
#........... .#....
##.........####......
#..........##...$...
##.................#
#.................#
...(...<.###.#....##
..........##...)...#
..........@@.......#
.........###....!..#
........##
#....#....# .........
#....# ....#
......... #....# ....
......... ........
... .......
########## .# ...!...
#


You could see Sigmund (very poisoned).

Vanquished Creatures
  A scorpion (D:3)
  Robin (D:3)
  2 adders
  An adder skeleton (D:2)
  An adder zombie (D:2)
  3 dart slugs
  8 endoplasms
  3 giant cockroaches
  13 hobgoblins
  5 jackals
  2 quokkas (D:1)
  2 bats (D:1)
  13 goblins
  10 kobolds
  A quokka skeleton (D:2)
  3 rats
69 creatures vanquished.

Notes
Turn   | Place    | Note
-------+----------+-------------------------------------------
     0 | D:1      | Janerl the Tengu Venom Mage began the quest for the Orb.
     0 | D:1      | Reached XP level 1. HP: 10/10 MP: 4/4
   215 | D:1      | Reached XP level 2. HP: 15/15 MP: 4/6
   391 | D:1      | Learned a level 2 spell: Poisonous Vapours
   559 | D:1      | Reached skill level 1 in Transmutations
   655 | D:1      | Reached XP level 3. HP: 19/19 MP: 5/7
   835 | D:1      | Found a faded altar of an unknown god.
  1527 | D:2      | Reached XP level 4. HP: 8/24 MP: 2/9
  1634 | D:2      | Reached skill level 1 in Air Magic
  1722 | D:2      | You fall into a shaft and drop 1 floor!
  1959 | D:3      | Noticed Robin
  1967 | D:3      | Reached skill level 1 in Unarmed Combat
  1972 | D:3      | Killed Robin
  2273 | D:3      | Noticed a scorpion
  2280 | D:3      | Killed a scorpion
  2281 | D:3      | Reached skill level 4 in Poison Magic
  2281 | D:3      | Gained mutation: Your magical nature lets you fly swiftly
                  | and evasively. [Tengu growth]
  2281 | D:3      | Reached XP level 5. HP: 13/28 MP: 3/10
  2786 | D:3      | Found Sawn's Distillery.
  2789 | D:3      | Bought a potion of heal wounds for 65 gold pieces
  2964 | D:4      | Noticed Sigmund
  2981 | D:4      | Slain by Sigmund

Illustrated notes

Levels and vault maps discovered:
D:1:      lemuel_arrival_muddy, layout_loops_ring,
          ebering_ecumenical_altar_abandoned, corexii_leaking_fountain,
          hangedman_feature_mirror
D:2:      minmay_kobold_bridge, layout_rooms, serial_undead, serial_undead_f,
          serial_undead_b, serial_undead_d, serial_undead_a
D:3:      layout_basic, serial_shops, shop, serial_glass, glass_columns_a,
          glass_columns_a, glass_columns_b, glass_columns_b, glass_columns_b,
          glass_columns_b, glass_columns_a, glass_columns_b, glass_columns_b,
          glass_columns_a, uniq_robin
D:4:      layout_rooms, gammafunk_ghost_stat_death,
          hangedman_decor_diamond_cutter, uniq_sigmund

Skill      XL: |  1  2  3  4 |
---------------+-------------+-----
Transmutations | 1 |  1.7
Air Magic      | 1 |  1.8
Unarmed Combat | 1 |  1.2
Spellcasting   | 3 |  3.1
Poison Magic   | 4 |  4.0
Fighting       | |  0.2
Dodging        | |  2.6
Stealth        | |  2.3

Action                     |  1- 3 |  4- 6 || total
---------------------------+-------+-------++-------
  Melee: Unarmed           |    22 |    36 ||    58
         Peck              |     8 |     2 ||    10
         Kick              |     5 |     6 ||    11
   Cast: Sting             |    59 |    28 ||    87
         Poisonous Vapours |    10 |    21 ||    31
    Use: Potion            |       |     1 ||     1
 Armour: Robe              |    16 |    10 ||    26
  Dodge: Dodged            |    41 |    39 ||    80
